 Dungeon Crawl Stone Soup version 0.21.0-24-g2553a33 (webtiles) character file.

395 Monsterracer the Slasher (level 6, 9/47 HPs)
             Began as a Vampire Abyssal Knight on Jan 19, 2018.
             Was a Priest of Lugonu.
             Quit the game on level 4 of the Dungeon.
             The game lasted 00:04:32 (3170 turns).

Monsterracer the Slasher (Vampire Abyssal Knight)   Turns: 3170, Time: 00:04:33

Health: 9/47       AC:  8    Str: 13    XL:     6   Next: 52%
Magic:  7/7        EV: 12    Int: 15    God:    Lugonu [***...]
Gold:   100        SH:  0    Dex: 17    Spells: 5/5 levels left

rFire    . . .     SeeInvis +   a - +2 falchion
rCold    + . .     Gourm    .   (no shield)
rNeg     . . .     Faith    .   h - +0 ring mail
rPois    .         Spirit   .   i - +0 helmet
rElec    .         Reflect  .   (no cloak)
rCorr    .         Harm     .   (no gloves)
MR       .....                  (no boots)
Stlth    ++........             (no amulet)
HPRegen  0.35/turn              g - +2 ring of protection
MPRegen  0.10/turn              k - +2 ring of dexterity

@: lethally poisoned (9 -> -14), regenerating quickly, hasted, very quick
A: fangs 3, see invisible, agile 1, cold resistance 1, unbreathing, MP-powered
wands
a: Depart the Abyss, Bend Space, Banish, Renounce Religion


You were on level 4 of the Dungeon.
You worshipped Lugonu.
Lugonu was most pleased with you.
You were very full.

You visited 1 branch of the dungeon, and saw 4 of its levels.
You visited the Abyss 1 time.

You collected 100 gold pieces.

Inventory:

Hand Weapons
 a - a +2 falchion (weapon)
Armour
 c - a +0 shield
 h - a +0 ring mail (worn)
 i - a +0 helmet (worn)
Jewellery
 g - a +2 ring of protection (left hand)
 k - a +2 ring of dexterity (right hand)
Potions
 b - a potion of brilliance
 d - 16 potions of blood
 l - 3 potions of invisibility


   Skills:
 - Level 3.5 Fighting
 - Level 5.1 Long Blades
 - Level 0.7 Armour
 - Level 3.5 Dodging
 - Level 2.7 Stealth
 + Level 1.9 Shields
 - Level 1.5 Invocations


You had 5 spell levels left.
You didn't know any spells.

Dungeon Overview and Level Annotations

Branches:
Dungeon (4/15)
 Temple: D:4-7

Altars:
Gozag


Innate Abilities, Weirdness & Mutations

Your natural rate of healing is unusually fast.
You have razor-sharp teeth.
You have supernaturally acute eyesight. (SInv)
You can survive without breathing.
You are agile. (Dex +2)
Your flesh is cold resistant. (rC+)
You expend magic power (3 MP) to strengthen your wands.


Message History

You hit the scorpion but do no damage.
Unknown command.
You barely miss the scorpion. The scorpion stings you!
* * * LOW HITPOINT WARNING * * *
You are lethally poisoned!
The scorpion poisons you!
You take 8 damage, and have 12/47 hp.
You barely miss the scorpion.
* * * LOW HITPOINT WARNING * * *
You feel sick. The scorpion barely misses you.
You riposte.
You barely miss the scorpion.
You take 2 damage, and have 10/47 hp.
You hit the scorpion.
The scorpion is lightly wounded.
* * * LOW HITPOINT WARNING * * *
You feel sick. The scorpion misses you.
You take 1 damage, and have 9/47 hp.
It was a potion of mutation.
You feel extremely strange.
You feel resistant to cold.
You feel your magical essence link to your wands.
You feel agile.
* * * LOW HITPOINT WARNING * * *
You feel sick. The scorpion closely misses you.
You take 2 damage, and have 7/47 hp.
It was a potion of ambrosia.
You are confused.
You feel invigorated.
You feel sick.
The scorpion stings you but does no damage.
You regained 4 hp, and now have 11/47 hp.
You hit the scorpion but do no damage.
The scorpion is lightly wounded.
You feel sick. The scorpion stings you.
* * * LOW HITPOINT WARNING * * *
You are lethally poisoned!
The scorpion poisons you!
You regained 3 hp, and now have 14/47 hp.
You closely miss the scorpion.
You bite the scorpion, but do no damage.
The scorpion is lightly wounded.
* * * LOW HITPOINT WARNING * * *
You feel sick. The scorpion stings you.
* * * LOW HITPOINT WARNING * * *
You take 1 damage, and have 13/47 hp.
You hit the scorpion. Your bite misses the scorpion.
The scorpion is heavily wounded.
You feel sick. The scorpion stings you!
* * * LOW HITPOINT WARNING * * *
You are more poisoned.
The scorpion poisons you!
You take 3 damage, and have 10/47 hp.
You closely miss the scorpion. You bite the scorpion.
The scorpion is heavily wounded.
You feel less invigorated.
You feel less confused.
* * * LOW HITPOINT WARNING * * *
You feel very sick. The scorpion stings you.
* * * LOW HITPOINT WARNING * * *
You take 5 damage, and have 5/47 hp.
It was a potion of haste.
You feel yourself speed up.
* * * LOW HITPOINT WARNING * * *
You feel very sick.
The scorpion stings you but does no damage.
You take 3 damage, and have 2/47 hp.
You feel much better.
You feel sick. The scorpion stings you.
* * * LOW HITPOINT WARNING * * *
You are more poisoned.
The scorpion poisons you!
You regained 17 hp, and now have 19/47 hp.
Okay, then.
You closely miss the scorpion.
The scorpion is heavily wounded.
* * * LOW HITPOINT WARNING * * *
You feel sick. The scorpion barely misses you.
You take 1 damage, and have 18/47 hp.
You hit the scorpion.
The scorpion is almost dead.
* * * LOW HITPOINT WARNING * * *
You feel sick.
The scorpion stings you but does no damage.
You take 2 damage, and have 16/47 hp.
Okay, then.
You hit the scorpion.
You kill the scorpion!
Lugonu accepts your kill.
* * * LOW HITPOINT WARNING * * *
You feel very sick.
You take 3 damage, and have 13/47 hp.
You aren't carrying any spellbooks or scrolls.
* * * LOW HITPOINT WARNING * * *
You feel sick.
You take 2 damage, and have 11/47 hp.
* * * LOW HITPOINT WARNING * * *
You feel sick.
You take 1 damage, and have 10/47 hp.
You open the door.
* * * LOW HITPOINT WARNING * * *
You feel sick.
You take 1 damage, and have 9/47 hp.
Are you sure you want to abandon this character and quit the game? (Confirm with "yes".)

###### # ##########....#
# ###.......##....###
..+.......)'....>..
#.#.......##....###
#.#.......##.......
#.#.......##.....##
.#####'#.......##.....##
.......@....#####.......
.........†..# #.....##
.......%....# ###...#
............# #...#
............# #...#
######'###### #...# ..
#...# ... #####


There were no monsters in sight!

Vanquished Creatures
  A bullfrog (D:3)
  2 scorpions
  An orc priest (D:4)
  Natasha (twice) (D:2)
  Robin (D:3)
  6 adders
  A worm (D:2)
  2 leopard geckos
  11 orcs
  A ball python (D:2)
  7 giant cockroaches
  9 goblins
  4 hobgoblins
  2 jackals (D:3)
  2 quokkas
  9 bats
  10 frilled lizards
  9 kobolds
  A quokka skeleton (D:4)
  6 rats
87 creatures vanquished.

Notes
Turn   | Place    | Note
-------+----------+-------------------------------------------
     0 | Abyss:1  | Monsterracer the Vampire Abyssal Knight began the quest for the Orb.
     0 | Abyss:1  | Reached XP level 1. HP: 17/17 MP: 2/2
     9 | D:1      | Escaped the Abyss
   163 | D:1      | Reached XP level 2. HP: 23/23 MP: 3/3
   445 | D:1      | Reached skill level 3 in Long Blades
   950 | D:1      | Reached ** piety under Lugonu
  1267 | D:2      | Noticed Natasha
  1286 | D:3      | HP: 11/23 [jackal (2)]
  1290 | D:3      | Reached XP level 3. HP: 15/28 MP: 4/4
  1349 | D:2      | HP: 9/28 [Natasha/magic dart (6)]
  1352 | D:2      | HP: 3/28 [Natasha/magic dart (7)]
  1448 | D:2      | Killed Natasha
  1601 | D:2      | Found an opulent altar of Gozag.
  1672 | D:2      | Reached XP level 4. HP: 34/34 MP: 5/5
  1697 | D:2      | Reached skill level 4 in Long Blades
  1727 | D:2      | Noticed Natasha
  1734 | D:2      | Killed Natasha
  1854 | D:2      | Reached skill level 1 in Stealth
  1854 | D:2      | Reached XP level 5. HP: 23/41 MP: 6/6
  1857 | D:2      | HP: 20/41 [poisoned by a scorpion]
  1862 | D:2      | HP: 19/41 [poisoned by a scorpion]
  1869 | D:2      | HP: 18/41 [poisoned by a scorpion]
  1876 | D:2      | HP: 18/41 [poisoned by a scorpion]
  1884 | D:2      | HP: 19/41 [poisoned by a scorpion]
  2312 | D:3      | Noticed Robin
  2329 | D:3      | Killed Robin
  2361 | D:3      | Reached *** piety under Lugonu
  2682 | D:3      | HP: 19/41 [bullfrog (7)]
  2685 | D:3      | Reached skill level 5 in Long Blades
  2685 | D:3      | Reached XP level 6. HP: 18/47 MP: 7/7
  3131 | D:4      | HP: 19/47 [orc priest/war axe (7)]
  3133 | D:4      | Reached skill level 1 in Shields
  3150 | D:4      | HP: 22/47 [scorpion (2)]
  3154 | D:4      | HP: 10/47 [poisoned by a scorpion]
  3156 | D:4      | Gained mutation: Your flesh is cold resistant. (rC+) [potion of mutation]
  3156 | D:4      | Gained mutation: You expend magic power (3 MP) to strengthen your wands. [potion of mutation]
  3156 | D:4      | Gained mutation: You are agile. (Dex +2) [potion of mutation]
  3159 | D:4      | HP: 17/47 [poisoned by a scorpion]
  3161 | D:4      | HP: 5/47 [scorpion (5)]
  3162 | D:4      | HP: 2/47 [poisoned by a scorpion]
  3167 | D:4      | HP: 11/47 [poisoned by a scorpion]
  3170 | D:4      | Quit the game

Skill      XL: |  1  2  3  4  5  6 |
---------------+-------------------+-----
Long Blades    | 3 4 5 |  5.1
Fighting       | 3 |  3.5
Dodging        | 3 |  3.5
Stealth        | 1 2 |  2.7
Shields        | 1 |  1.9
Armour         | |  0.7
Invocations    | |  1.5

Action                   |  1- 3 |  4- 6 || total
-------------------------+-------+-------++-------
Melee: Falchion          |   102 |   181 ||   283
       Bite              |     6 |    19 ||    25
  Use: Potion            |    15 |    10 ||    25
       Scroll            |       |     9 ||     9
 Stab: Sleeping          |       |     1 ||     1
Armor: Leather armour    |    16 |       ||    16
       Ring mail         |    24 |    64 ||    88
Dodge: Dodged            |    78 |    99 ||   177
       Rpst.: Falchion   |    23 |    34 ||    57

Vault maps used:
D:1:      minmay_arrival_loop
D:2:      nicolae_gozag_cash_rules_everything_around_me, uniq_natasha
D:3:      uniq_robin
D:4:      kennysheep_slug_shrine, uniq_grinder
